 Dungeon Crawl Stone Soup version 0.32-a0-329-ge6c31236d6 (webtiles) character file.

Game seed: 6552270723298158959

47 Bravepunisher the Ducker (level 3, 0/19 HPs)
             Began as a Spriggan Monk on Feb 16, 2024.
             Slain by a hound (1 damage)
             ... on level 4 of the Dungeon.
             The game lasted 00:03:26 (783 turns).

Bravepunisher the Ducker (Spriggan Monk)             Turns: 783, Time: 00:03:26

Health: 0/19       AC:  2    Str:  7    XL:     3   Next: 48%
Magic:  4/4        EV: 20    Int: 11    God:
Gold:   25         SH:  0    Dex: 19    Spells: 2/2 levels left

rFire   . . .        a - +0 short sword
rCold   . . .        (no shield)
rNeg    . . .        b - +0 robe
rPois   .            (helmet restricted)
rElec   .            (no cloak)
rCorr   .            (gloves unavailable)
SInv    +            (boots unavailable)
Will    .....        (no amulet)
Stlth   ++           (no ring)
HPRegen 0.23/turn    (no ring)
MPRegen 0.09/turn

%: no passive effects
@: very quick
A: very small, no large weapons, unfitting armour, see invisible, speed 3
a: no special abilities


You were on level 4 of the Dungeon.
You visited 1 branch of the dungeon, and saw 7 of its levels.

You collected 25 gold pieces.

Inventory:

Hand Weapons
 a - a +0 short sword (weapon)
Armour
 b - a +0 robe (worn)
Jewellery
 j - a ring of resist corrosion
Scrolls
 e - a scroll of fear {unknown}
 f - a scroll of poison {unknown}
 h - a scroll of identify {unknown}
 i - a scroll of teleportation {unknown}
Potions
 c - a potion of ambrosia
 d - a potion of heal wounds {unknown}
 g - a potion of attraction {unknown}


   Skills:
 + Level 2.9 Fighting
 - Level 3.2 Short Blades
 * Level 5.4 Dodging


You had 2 spell levels left.
You didn't know any spells.
Your spell library was empty.

Dungeon Overview and Level Annotations

Branches:
Dungeon (7/15)
 Temple: D:4-7

Altars:
Elyvilon
Hepliaklqana
Qazlal
Ru
Uskayaw

Annotations:
D:3 Grinder
D:4 Menkaure, Natasha
D:5 Pikel
D:6 Dowan, Duvessa


Innate Abilities, Weirdness & Mutations

You are very small and have problems with some larger weapons.
You are too small for most types of armour.
You have supernaturally acute eyesight. (SInv)
You cover ground extremely quickly. (Speed+++)


Message History

The hound bites you.
You completely miss the hound.
The hound is moderately wounded.
The hound bites you but does no damage.
You hit the hound.
The hound is heavily wounded.
The hound closely misses you. The hound bites you.
You hit the hound.
The hound is severely wounded.
The hound closely misses you.
You hit the hound.
The hound is almost dead.
The hound bites you.
You hit the hound.
The hound is almost dead.
The hound completely misses you.
You hit the hound.
You kill the hound!
The hound bites you.
* * * LOW HITPOINT WARNING * * *
Your Dodging skill increases to level 5!
You have reached level 3!
Your experience leads to an increase in your attributes!
Increase (S)trength, (I)ntelligence, or (D)exterity?
You feel agile. x2
You closely miss the hound. The hound bites you but does no damage.
You hit the hound but do no damage. The hound bites you.
* * * LOW HITPOINT WARNING * * *
You hit the hound.
The hound is moderately wounded.
The hound barely misses you.
You closely miss the hound.
The hound is moderately wounded.
The hound bites you.
* * * LOW HITPOINT WARNING * * *
The hound misses you.
You barely miss the hound.
The hound is moderately wounded.
The hound bites you.
You die...

......................h##..##
..##.....##......#..........##
#####....##......#....h......##
.................#......###...##
....###.$......................##
....###...##...$.#########..$...#
....o....#......##.)###..##.#....
.........#.....##h##.##.###h##...
#..............#@##.##.##...# #..
###########.##.###.##.##.#### #.
.# .. #..h#.h.# # .. #########


You could see a hound.

Vanquished Creatures
  A hound (D:4)
  2 orcs (D:3)
  A bat (D:3)
  An endoplasm (D:3)
  2 goblins
  A hobgoblin (D:3)
  A ball python (D:3)
9 creatures vanquished.

Notes
Turn   | Place    | Note
-------+----------+-------------------------------------------
     0 | D:1      | Bravepunisher the Spriggan Monk began the quest for the
                  | Orb.
     0 | D:1      | Reached XP level 1. HP: 11/11 MP: 2/2
   231 | D:3      | Reached XP level 2. HP: 16/16 MP: 3/3
   255 | D:3      | Noticed Grinder
   300 | D:4      | Noticed Natasha
   308 | D:4      | Noticed an ogre
   308 | D:4      | Noticed an ogre
   333 | D:4      | Noticed Menkaure
   346 | D:5      | Entered Level 5 of the Dungeon
   355 | D:5      | Noticed a phantom
   362 | D:5      | Found a stormy altar of Qazlal.
   378 | D:5      | Found a sacrificial altar of Ru.
   386 | D:5      | Noticed an ogre
   391 | D:6      | Noticed a centaur
   398 | D:6      | Noticed Dowan
   398 | D:6      | Noticed Duvessa
   458 | D:7      | Found a hide-covered altar of Uskayaw.
   471 | D:7      | Noticed a bullfrog
   537 | D:6      | Noticed a bullfrog
   656 | D:5      | Found a hazy altar of Hepliaklqana.
   669 | D:5      | Noticed Pikel
   669 | D:5      | Noticed a lemure
   669 | D:5      | Noticed a lemure
   669 | D:5      | Noticed a lemure
   758 | D:4      | Found a white marble altar of Elyvilon.
   779 | D:4      | Reached skill level 5 in Dodging
   779 | D:4      | Reached XP level 3. HP: 5/19 MP: 4/4
   783 | D:4      | Slain by a hound

Illustrated notes

Levels and vault maps discovered:
D:1:      zelgadis_glass_arrival_small, layout_basic
D:2:      layout_basic, hellmonk_ecumenical_altar_the_god_not_taken
D:3:      layout_loops_ring, general_overflow_altar, portal_sewer_entry_d,
          st_stairs_8, feat_on_display, uniq_grinder
D:4:      layout_cave_pools, marbit_many_paths, minmay_misc_feat_columns,
          nrook_mini_backslash, uniq_menkaure, uniq_crazy_yiuf_cottage,
          uniq_natasha
D:5:      layout_rooms, nicolae_qazlal_scattered_showers,
          kiku_gazebo_pond_becter, lemuel_doored_altar, amcnicky_altar_gilded,
          kennysheep_little_box, minmay_temple_entry_trees, uniq_pikel
D:6:      layout_cave_pools, uniq_duvessa
D:7:      layout_basic, mainiacjoe_overflow_concentric_impassable

Skill      XL: |  1  2 |
---------------+-------+-----
Dodging        | 5 |  5.4
Fighting       | |  2.9
Short Blades   | |  3.2

Action                     || total
---------------------------++-------
  Melee: Short sword       ||    55
 Armour: Robe              ||    24
  Dodge: Dodged            ||    49

Table legend: (Time is in decaauts)
 A = Elapsed time spent in this place.
 B = Non-inter-level travel time spent in this place.
 C = Inter-level travel time spent in this place.
 D = Time resting spent in this place.
 E = Time spent auto-exploring this place.
 F = Levels seen in this place.
 G = Mean time per level.
                   A        B        C        D        E       F      G
               +--------+--------+--------+--------+--------+-----+--------+
         Total |    550 |    550 |      0 |     86 |    147 |   7 |   78.6 |
       Dungeon |    550 |    550 |      0 |     86 |    147 |   7 |   78.6 |
               +--------+--------+--------+--------+--------+-----+--------+

Top non-repeatable levels by time:
     D:5: 118 daAuts
     D:4: 110 daAuts
     D:1: 109 daAuts
     D:7: 98 daAuts
     D:3: 55 daAuts
     D:6: 43 daAuts
     D:2: 14 daAuts
